 Dungeon Crawl Stone Soup version 0.28.0-43-g3370ac3207 (webtiles) character file.

Game seed: 14224234750010843409

60 mcbry74 the Firebug (level 4, -2/33 HPs)
             Began as a Hill Orc Fire Elementalist on Mar 9, 2022.
             Slain by an orc
             ... wielding a +0 short sword
              (3 damage)
             ... on level 3 of the Dungeon.
             The game lasted 00:13:01 (3141 turns).

mcbry74 the Firebug (Hill Orc Fire Elementalist)    Turns: 3141, Time: 00:13:02

Health: -2/33      AC:  4    Str: 10    XL:     4   Next: 4%
Magic:  6/6        EV: 12    Int: 17    God:
Gold:   83         SH:  0    Dex: 11    Spells: 5/6 levels left

rFire   . . .      SeeInvis .   n - +2 short sword (protect)
rCold   . . .      Faith    .   (no shield)
rNeg    . . .      Spirit   .   a - +0 robe
rPois   .          Reflect  .   q - +1 helmet
rElec   .          Harm     .   (no cloak)
rCorr   .          Rampage  .   (no gloves)
Will    .....                   (no boots)
Stlth   ++........              (no amulet)
HPRegen 0.11/turn               (no ring)
MPRegen 0.10/turn               (no ring)

@: attractive, flying
A: no striking features
a: no special abilities


You were on level 3 of the Dungeon.
You visited 1 branch of the dungeon, and saw 3 of its levels.

You collected 83 gold pieces.

Inventory:

Hand Weapons
 b - a +0 short sword
 d - a +0 hand axe
 i - a +0 dagger
 n - a +2 short sword of protection (weapon)
Missiles
 j - 48 stones
 p - 5 poisoned darts (quivered)
Armour
 a - a +0 robe (worn)
 q - a +1 helmet (worn)
Jewellery
 e - a ring of protection from fire
 f - a ring of magical power
 k - a +4 ring of evasion
 l - a ring of positive energy
 o - a ring of see invisible
Scrolls
 c - 2 scrolls of noise
 g - 3 scrolls of identify


   Skills:
 - Level 1.5 Dodging
 - Level 1.5 Stealth
 - Level 1.5 Spellcasting
 + Level 2.2 Conjurations
 * Level 4.7 Fire Magic


You had 5 spell levels left.
You knew the following spells:

 Your Spells              Type           Power      Damage    Failure   Level
a - Foxfire               Conj/Fire      52%        2x1d6     4%          1

Your spell library contained the following spells:

 Spells                   Type           Power      Damage    Failure   Level
 Scorch                   Fire           34%        2d7       4%          2
 Conjure Flame            Conj/Fire      13%        6-21      14%         3
 Inner Flame              Hex/Fire       9%         N/A       22%         3
 Ignite Poison            Fire/Tmut/Pois 6%         N/A       32%         3
 Mephitic Cloud           Conj/Pois/Air  3%         N/A       41%         3
 Flame Wave               Conj/Fire      13%        2d6       43%         4
 Gell's Gravitas          Tloc           1%         N/A       52%         3
 Summon Guardian Golem    Hex/Summ       1%         N/A       52%         3
 Teleport Other           Tloc           1%         N/A       52%         3
 Freezing Cloud           Conj/Ice/Air   1%         6-21      99%         5
 Dispersal                Tloc           0%         N/A       100%        6
 Orb of Destruction       Conj           4%         9d5       100%        7
 Spellforged Servitor     Conj/Summ      2%         N/A       100%        7


Dungeon Overview and Level Annotations

Branches:
Dungeon (3/15)

Altars:


Message History

The orc is attracted toward you.
As you read the scroll labelled ZAMUUG RIOH, it crumbles to dust.
It is a scroll of enchant weapon.
Your +1 short sword of protection glows red for a moment.
The orc barely misses you. The orc hits you with a +0 short sword.
* * * LOW HITPOINT WARNING * * *
The orc hits you but does no damage. The orc is attracted toward you.
You hit the orc.
Your weapon exudes an aura of protection.
The orc is heavily wounded.
The orc hits you but does no damage.
You hit the orc.
You kill the orc!
The orc closely misses you.
The goblin unwields a +0 club.
The goblin wields a +0 hunting sling.
The goblin shoots a stone.
The stone misses you.
The stone closely misses the orc.
The goblin is attracted toward you.
You hit the goblin but do no damage. The orc hits you but does no damage. x2
The goblin unwields a +0 hunting sling.
The goblin wields a +0 club.
The goblin hits you but does no damage.
You closely miss the goblin. The orc barely misses you. x2
The goblin closely misses you. The orc closely misses you.
You closely miss the goblin. The orc closely misses you.
The goblin hits you but does no damage. The orc closely misses you.
The orc hits you but does no damage.
You closely miss the goblin. The goblin hits you with a +0 club.
* * * LOW HITPOINT WARNING * * *
The orc closely misses you. The orc hits you with a +0 club.
* * * LOW HITPOINT WARNING * * *
You miss the goblin. The goblin hits you with a +0 club.
* * * LOW HITPOINT WARNING * * *
The orc closely misses you. The orc barely misses you.
You barely miss the goblin. The goblin barely misses you.
The orc closely misses you. The orc barely misses you.
You closely miss the goblin. The goblin completely misses you.
The orc closely misses you. The orc hits you with a +0 club.
* * * LOW HITPOINT WARNING * * *
The goblin barely misses you.
You barely miss the goblin. The orc hits you with a +0 short sword.
You die...

#.#
#......o...#
#.########
#.#######..#
#........#
#.# .#
########.#
#.# # #.# #.#
### #.# #.#
..#########.#
#o#
#...........#
#o#######.
##########..#
#o@g......
............#
#######.##
..########.##
#.# #.# ..#
#.# #.# #.#
#.########.#
...........#
............


You could see 3 orcs and a goblin.

Vanquished Creatures
  A worm (D:2)
  An orc (D:3)
  3 ball pythons
  2 bats (D:1)
  4 endoplasms
  3 hobgoblins
  11 jackals (D:1)
  2 quokkas
  5 frilled lizards
  7 goblins
  6 kobolds
  4 rats
49 creatures vanquished.

Vanquished Creatures (others)
  108 foxfires
108 creatures vanquished.

Grand Total: 157 creatures vanquished

Notes
Turn   | Place    | Note
-------+----------+-------------------------------------------
     0 | D:1      | mcbry74 the Hill Orc Fire Elementalist began the quest for
                  | the Orb.
     0 | D:1      | Reached XP level 1. HP: 14/14 MP: 3/3
   217 | D:1      | Reached XP level 2. HP: 20/20 MP: 2/4
   708 | D:1      | Reached skill level 4 in Fire Magic
   858 | D:1      | Reached XP level 3. HP: 22/26 MP: 1/5
  2978 | D:3      | Reached XP level 4. HP: 33/33 MP: 3/6
  3140 | D:3      | HP: 1/33 [orc/+0 club (1)]
  3141 | D:3      | Slain by an orc

Illustrated notes

Levels and vault maps discovered:
D:1:      lemuel_arrival_tunnels, layout_loops_ring, minmay_3d_cube
D:2:      layout_basic, kennysheep_path_1
D:3:      minmay_chambers_of_twos, layout_loops_ring, kennysheep_crisscross

Skill      XL: |  1  2  3 |
---------------+----------+-----
Fire Magic     | 4 |  4.7
Conjurations   | 2 |  2.2
Dodging        | |  1.5
Stealth        | |  1.5
Spellcasting   | |  1.5

Action                   |  1- 3 |  4- 6 || total
-------------------------+-------+-------++-------
Melee: Short sword       |    24 |    11 ||    35
       Punch             |     1 |       ||     1
       Dagger            |    14 |       ||    14
 Cast: Foxfire           |    61 |     4 ||    65
  Use: Scroll            |       |     2 ||     2
       Potion            |       |     2 ||     2
 Stab: Sleeping          |     1 |       ||     1
Armor: Robe              |    10 |     7 ||    17
Dodge: Dodged            |    41 |    23 ||    64
